 Dungeon Crawl Stone Soup version 0.31-a0-202-g547052bce9 (webtiles) character file.

Game seed: 3523172267386892021

113 qw the Skirmisher (level 4, -3/25 HPs)
             Began as a Deep Elf Hunter on June 26, 2023.
             Slain by Sigmund
             ... wielding a +0 scythe
              (8 damage)
             ... on level 4 of the Dungeon.
             The game lasted 00:00:54 (2357 turns).

qw the Skirmisher (Deep Elf Hunter)                 Turns: 2357, Time: 00:00:55

Health: -3/25      AC: 11    Str: 10    XL:     4   Next: 65%
Magic:  6/6        EV: 11    Int: 14    God:
Gold:   186        SH:  0    Dex: 18    Spells: 3/3 levels left

rFire   + . .        Y - +1 shortbow
rCold   . . .        (shield currently unavailable)
rNeg    . . .        g - +0 ring mail
rPois   .            e - +0 helmet
rElec   +            h - +4 cloak "Ufaotal" {rElec rF+}
rCorr   .            (no gloves)
SInv    .            (no boots)
Will    .....        (no amulet) Stlth
                     (no ring)
HPRegen 0.24/turn    (no ring)
MPRegen 0.10/turn

%: no passive effects
@: confused
A: no striking features
a: no special abilities


You were on level 4 of the Dungeon.
You visited 1 branch of the dungeon, and saw 4 of its levels.

You collected 186 gold pieces.


   Skills:
 - Level 1.5 Fighting
 + Level 8.1 Ranged Weapons
 - Level 2.4 Dodging
 - Level 1.2 Stealth


You had 3 spell levels left.
You didn't know any spells.
Your spell library was empty.

Inventory:

Hand Weapons
 Y - a +1 shortbow (weapon)
Armour
 e - a +0 helmet (worn)
 g - a +0 ring mail (worn)
 h - the +4 cloak "Ufaotal" (worn) {rElec rF+}
   (You found it on level 3 of the Dungeon)

   rF:        It protects you from fire.
   rElec:     It insulates you from electricity.
 i - a +0 pair of boots
Scrolls
 a - a scroll of amnesia {unknown}
 d - a scroll of teleportation {unknown}
Potions
 b - a potion of might {unknown}
 c - a potion of haste
 f - a potion of degeneration {unknown}

Dungeon Overview and Level Annotations

Branches:
Dungeon (4/15)
 Temple: D:4-7

Altars:
Ashenzari
Yredelemnul

Shops:
D:3 [

Annotations:
D:3 3 runed translucent doors, qw's ghost, weakling DEHu
D:4 1 transporter, Sigmund; qw's ghost, amateur DEHu


Message History

Sigmund flickers and vanishes!
Deactivating autopickup; reactivate with Ctrl-A.
You shoot an arrow.
A magic dart appears from out of thin air!
The magic dart hits you.
You shoot an arrow. You shoot an arrow. Something hits you!
You shoot an arrow. You shoot an arrow.
You hear some strange, mumbled words.
You are confused.
You shoot an arrow. Something hits you.
You shoot an arrow. Something hits you but does no damage.
You shoot an arrow. Something hits you but does no damage.
You shoot an arrow. You shoot an arrow.
You feel less confused.
You hear some strange, mumbled words.
Something tries to affect you, but you resist.
Something hits you.
You shoot an arrow. You shoot an arrow. Something hits you.
You shoot an arrow. Something hits you.
You shoot an arrow. Something hits you.
You shoot an arrow. You shoot an arrow.
You hear some strange, mumbled words.
You are confused.
Something hits you but does no damage.
You shoot an arrow. You shoot an arrow. Something hits you!
You die...

##.##
#..#
###.#
#..#
#...#
#..######
#.###
#.......#
#.#
#.#####.#
#.# #.#
#.# #.#
#.# #.#
##.# #.#
#.# ...#
#.# #@#
##### #.#
#.#
.....#
#.# #{#
####.#
#.# #.# #
#.# # #[#
#.# #.#


There were no monsters in sight!

Vanquished Creatures
  A hound (D:3)
  2 adders
  A worm (D:2)
  2 dart slugs
  3 orcs
  4 bats
  8 endoplasms
  2 giant cockroaches (D:1)
  9 goblins
  A hobgoblin (D:3)
  3 quokkas
  7 ball pythons
  2 frilled lizards
  5 kobolds
  3 rats
53 creatures vanquished.

Notes
Turn   | Place    | Note
-------+----------+-------------------------------------------
     0 | D:1      | qw the Deep Elf Hunter began the quest for the Orb.
     0 | D:1      | Reached XP level 1. HP: 12/12 MP: 3/3
     0 | D:1      | 0 ||| qw: Version: 0.3-a-22-g0ed2b0b
     0 | D:1      | 0 ||| qw: Game counter: 6330
     0 | D:1      | 0 ||| qw: Melee chars always use a shield: true
     0 | D:1      | 0 ||| qw: God list: Okawaru
     0 | D:1      | 0 ||| qw: Allow faded altars: false
     0 | D:1      | 0 ||| qw: Do Orc after clearing Dungeon:15 true
     0 | D:1      | 0 ||| qw: Do second Lair branch before Depths: true
     0 | D:1      | 0 ||| qw: Lair rune preference: random
     0 | D:1      | 0 ||| qw: Goals: Normal
     0 | D:1      | 0 ||| PLANNING D:1-11
   217 | D:1      | Reached XP level 2. HP: 14/16 MP: 4/4
   219 | D:1      | Reached skill level 6 in Ranged Weapons
   710 | D:1      | 710 ||| UPGRADING to +0 helmet.
   715 | D:1      | 715 ||| UPGRADING to +0 ring mail.
   725 | D:1      | 725 ||| DROPPING +0 leather armour.
   726 | D:1      | 726 ||| READING scroll labelled FEGONUM GASAP.
   727 | D:1      | 727 ||| READING 3 scrolls labelled UTOFUE TUURU.
   728 | D:1      | 728 ||| DROPPING scroll of butterflies.
   729 | D:1      | 729 ||| DROPPING 2 scrolls of noise.
   773 | D:2      | Reached XP level 3. HP: 20/20 MP: 5/5
   816 | D:2      | Found a basalt altar of Yredelemnul.
  1110 | D:2      | Reached skill level 7 in Ranged Weapons
  1384 | D:2      | 1384 ||| READING scroll labelled PIELIE CADA.
  1385 | D:2      | 1385 ||| READING scroll labelled NICZAKO VIATIU.
  1477 | D:3      | Identified the +4 cloak "Ufaotal" {rElec rF+}
  1588 | D:3      | Reached XP level 4. HP: 21/25 MP: 6/6
  1688 | D:3      | Found Negadoudgh's Armour Shop.
  1777 | D:3      | Found a runed translucent gate.
  1777 | D:3      | Found a runed translucent gate.
  1777 | D:3      | Found a runed translucent gate.
  1780 | D:3      | Noticed qw's ghost (weakling DEHu)
  1782 | D:3      | Noticed a kobold brigand
  1953 | D:3      | 1953 ||| UPGRADING to +4 cloak "Ufaotal" {rElec rF+}.
  1958 | D:3      | 1958 ||| READING scroll labelled HIPAROA FYGOAWUPP.
  1959 | D:3      | 1959 ||| READING scroll labelled AHAIRA JAYT.
  2060 | D:3      | 2060 ||| READING scroll labelled QOUZAKK LEEN.
  2061 | D:3      | 2061 ||| DRINKING 2 smoky inky potions.
  2103 | D:4      | 2103 ||| STAIRDANCE
  2141 | D:4      | 2141 ||| FLEEEEING.
  2142 | D:4      | 2142 ||| STAIRDANCE
  2193 | D:4      | Found a transporter.
  2198 | D:4      | Noticed qw's ghost (amateur DEHu)
  2200 | D:4      | Noticed an ogre
  2201 | D:4      | Noticed an ogre
  2201 | D:4      | Noticed an ogre
  2225 | D:4      | Found a broken altar of Ashenzari.
  2311 | D:4      | Reached skill level 8 in Ranged Weapons
  2335 | D:4      | Noticed Sigmund
  2352 | D:4      | HP: 5/25 [something (4)]
  2357 | D:4      | Slain by Sigmund

Levels and vault maps discovered:
D:1:      dpeg_arrival_rhombus, layout_loops_ring
D:2:      layout_basic, basic_altar
D:3:      layout_basic, serial_shops, nicolae_shop_back_alley_shop,
          gammafunk_ghost_nasty_kobolds
D:4:      layout_loops_ring, nicolae_ashenzari_panopticon,
          gammafunk_ghost_smash, uniq_sigmund

Skill      XL: |  1  2  3  4 |
---------------+-------------+-----
Ranged Weapons | 6 7 8 |  8.1
Fighting       | |  1.5
Dodging        | |  2.4
Stealth        | |  1.2

Action                     |  1- 3 |  4- 6 || total
---------------------------+-------+-------++-------
   Fire: Shortbow          |   123 |    75 ||   198
    Use: Scroll            |     4 |     3 ||     7
         Potion            |       |     1 ||     1
 Armour: Leather armour    |     5 |       ||     5
         Ring mail         |     5 |    26 ||    31
  Dodge: Dodged            |    24 |    22 ||    46

Table legend:
 A = Non-vault XP
 B = Vault XP
 C = Vault XP percentage of total XP
 D = Non-vault monster count
 E = Vault monster count
 F = Vault count percentage of total count
                 A         B        C        D         E       F
            +---------+---------+-------+---------+---------+-------
      Total |     162 |       0 |   0.0 |      53 |       0 |   0.0
            +---------+---------+-------+---------+---------+-------
        D:1 |      40 |       0 |   0.0 |      24 |       0 |   0.0
        D:2 |      24 |       0 |   0.0 |      12 |       0 |   0.0
        D:3 |      77 |       0 |   0.0 |      12 |       0 |   0.0
        D:4 |      21 |       0 |   0.0 |       5 |       0 |   0.0
            +---------+---------+-------+---------+---------+-------
